 Dungeon Crawl Stone Soup version 0.30.1-4-g462c640d31 (webtiles) character file.

Game seed: 8336212002824940086

49 lonewolfV2 the Trooper (level 3, -1/29 HPs)
             Began as a Demonspawn Fighter on Aug 22, 2023.
             Slain by Grinder (3 damage)
             ... on level 3 of the Dungeon.
             The game lasted 00:03:23 (1714 turns).

lonewolfV2 the Trooper (Demonspawn Fighter)         Turns: 1714, Time: 00:03:23

Health: -1/29      AC:  9    Str: 16    XL:     3   Next: 51%
Magic:  3/3        EV:  7    Int:  9    God:
Gold:   79         SH:  5    Dex: 14    Spells: 2/2 levels left

rFire   . . .        a - +0 war axe
rCold   . . .        c - +0 buckler
rNeg    . . .        j - +0 chain mail {rPois}
rPois   +            (no helmet)
rElec   .            (no cloak)
rCorr   .            (no gloves)
SInv    .            (no boots)
Will    .....        (no amulet) Stlth
                     (no ring)
HPRegen 0.24/turn    (no ring)
MPRegen 0.08/turn

%: no passive effects
@: no status effects
A: demonic magic 2
a: no special abilities


You were on level 3 of the Dungeon.
You visited 1 branch of the dungeon, and saw 3 of its levels.

You collected 79 gold pieces.

Inventory:

Hand Weapons
 a - a +0 war axe (weapon)
Armour
 c - a +0 buckler (worn)
 j - a +0 chain mail of poison resistance (worn)
Wands
 l - a wand of roots (14)
Scrolls
 b - a scroll of teleportation {unknown}
 f - a scroll of blinking
 g - a scroll of fear {unknown}
 i - a scroll of fog
 m - a scroll of identify {unknown}
 n - a scroll of vulnerability {unknown}
Potions
 d - a potion of might
 e - a potion of flight {unknown}
 h - 2 potions of heal wounds {unknown}
 k - 2 potions of curing {unknown}


   Skills:
 + Level 3.3 Fighting
 + Level 2.5 Axes
 + Level 3.1 Armour
 + Level 0.2 Dodging
 + Level 2.9 Shields


You had 2 spell levels left.
You didn't know any spells.
Your spell library contained the following spells:

 Spells                   Type           Power      Damage    Failure   Level
 Apportation              Tloc           0%         N/A       99%         1
 Necrotise                Necr           0%         1d4       99%         1
 Summon Small Mammal      Summ           0%         N/A       99%         1
 Summon Guardian Golem    Hex/Summ       0%         N/A       100%        3
 Orb of Destruction       Conj           0%         9d5       100%        7
 Spellforged Servitor     Conj/Summ      0%         N/A       100%        7


Dungeon Overview and Level Annotations

Branches:
Dungeon (3/15)

Altars:

Annotations:
D:3 Grinder


Innate Abilities, Weirdness & Mutations

Spells you cast may paralyse nearby enemies.


Message History

HP restored.
Found a stone staircase leading down.
Grinder comes into view.
Grinder shouts!
Grinder says, "You look like you could use a good racking."
Grinder blinks!
You hit Grinder.
Grinder is lightly wounded.
You block Grinder's attack. Grinder hits you but does no damage.
You hit Grinder.
Grinder is moderately wounded.
Grinder closely misses you.
You slash Grinder!
Grinder is heavily wounded.
Grinder blinks!
Grinder hits you but does no damage.
Grinder blinks!
Grinder gestures at you.
You suddenly lose the ability to move!
Grinder barely misses you. Grinder hits you but does no damage.
You can move again.
You closely miss Grinder.
Grinder is heavily wounded.
Grinder gestures at you. You resist with significant effort.
You hit Grinder.
Grinder is heavily wounded.
Grinder hits you!
You writhe in agony.
Grinder gestures at you. Pain shoots through your body!
You barely miss Grinder.
Grinder is heavily wounded.
Grinder hits you.
You writhe in agony.
* * * LOW HITPOINT WARNING * * *
You closely miss Grinder.
Grinder is heavily wounded.
Grinder hits you.
* * * LOW HITPOINT WARNING * * *
Grinder hits you.
You die...

#...)# #.#
#....#### #.#
#.......# #.#
#....##.#
#.#####.###.#
#.##....#
#.### .
#.##.####
#...#
....###.##.#
###.#
#...5@...# #.#
########## #.#
#####.#
########...#.#
#............#
#............#
#............#
#...####.....#
#...# ##.#####


You could see Grinder.

Vanquished Creatures
  An adder (D:2)
  A worm (D:2)
  A dart slug (D:1)
  3 ball pythons (D:1)
  3 endoplasms
  6 goblins (D:1)
  3 hobgoblins
  2 kobolds (D:1)
  2 quokkas (D:1)
  5 bats
  2 frilled lizards (D:1)
  3 rats (D:1)
32 creatures vanquished.

Notes
Turn   | Place    | Note
-------+----------+-------------------------------------------
     0 | D:1      | lonewolfV2 the Demonspawn Fighter began the quest for the
                  | Orb.
     0 | D:1      | Reached XP level 1. HP: 18/18 MP: 1/1
    90 | D:1      | Gained mutation: Spells you cast may paralyse adjacent
                  | enemies. [demonic ancestry]
    90 | D:1      | Reached XP level 2. HP: 20/24 MP: 2/2
   849 | D:2      | Found a faded altar of an unknown god.
   867 | D:2      | Gained mutation: Spells you cast may paralyse nearby
                  | enemies. [demonic ancestry]
   867 | D:2      | Reached XP level 3. HP: 24/29 MP: 3/3
  1694 | D:3      | Noticed Grinder
  1708 | D:3      | Paralysed by Grinder for 3 turns
  1714 | D:3      | Slain by Grinder

Illustrated notes

Levels and vault maps discovered:
D:1:      minmay_arrival_doors, layout_basic
D:2:      layout_basic, shapermc_ecumenical_altar_starsandcircs
D:3:      layout_basic, xom_butterflies, uniq_jessica, uniq_grinder,
          uniq_terence

Skill      XL: |  1  2 |
---------------+-------+-----
Axes           | 2 |  2.5
Armour         | 3 |  3.1
Fighting       | |  3.3
Dodging        | |  0.2
Shields        | |  2.9

Action                     || total
---------------------------++-------
  Melee: War axe           ||   102
    Use: Scroll            ||     3
 Armour: Scale mail        ||    48
         Chain mail        ||     9
  Dodge: Dodged            ||    47
  Block: Buckler           ||    23
